 Dungeon Crawl Stone Soup version 0.25-a0-365-g7600c65aa0 (webtiles) character file.

Game seed: 1455741025993486422, levelgen mode: deterministic

3600 Glalom the Covert (level 9, -1/50 HPs)
             Began as a Vampire Enchanter on Jan 5, 2020.
             Was a Priest of Dithmenos.
             Slain by Harold
             ... wielding a +0 long sword
              (14 damage)
             ... on level 8 of the Dungeon.
             The game lasted 00:32:23 (8049 turns).

Glalom the Covert (Vampire Enchanter)               Turns: 8049, Time: 00:32:23

Health: -1/50      AC:  9    Str: 11      XL:     9   Next: 85%
Magic:  3/15       EV: 15    Int: 17 (19) God:    Dithmenos [***...]
Gold:   252        SH:  0    Dex: 13 (15) Spells: 10/16 levels left

rFire    . . .     SeeInvis +   a - +2 dagger (venom)
rCold    + + .     Gourm    .   (no shield)
rNeg     + + +     Faith    .   B - +2 robe {rN+}
rPois    ∞         Spirit   .   (no helmet)
rElec    .         Reflect  .   v - +2 cloak {rPois}
rCorr    .         Harm     .   (no gloves)
MR       .....                  (no boots)
Stlth    +++++++++.             (no amulet)
HPRegen  0.00/turn              y - +3 ring of strength
MPRegen  0.14/turn              D - +2 ring of protection

@: marked, bloodless, wreathed by umbra
A: no food, fangs 3, see invisible, unbreathing
a: Bat Form, Revivify, Shadow Step, Renounce Religion


You were on level 8 of the Dungeon.
You worshipped Dithmenos.
Dithmenos was most pleased with you.
You were bloodless.

You visited 1 branch of the dungeon, and saw 8 of its levels.

You collected 402 gold pieces.
You spent 150 gold pieces at shops.

Inventory:

Hand Weapons
 a - a +2 dagger of venom (weapon)
Armour
 b - a +0 robe
 e - a +0 cloak
 v - a +2 cloak of poison resistance (worn)
 A - the +0 leather armour of the Alphagorgon {*Drain rF- Dex+6 SInv}
   (You found it on level 7 of the Dungeon)

   It affects your dexterity (+6).
   It makes you vulnerable to fire.
   It lets you see invisible.
   It causes draining when unequipped.
 B - a +2 robe of positive energy (worn)
Jewellery
 y - a +3 ring of strength (left hand)
 D - a +2 ring of protection (right hand)
Wands
 h - a wand of polymorph (9)
 w - a wand of disintegration (5)
Scrolls
 c - a scroll of identify
 d - a scroll of blinking {unknown}
 j - 6 scrolls of teleportation {unknown}
 k - 4 scrolls of amnesia {unknown}
 l - 6 scrolls of remove curse {unknown}
 m - 3 scrolls of magic mapping {unknown}
 q - a scroll of enchant weapon {unknown}
 r - 3 scrolls of immolation {unknown}
 s - 3 scrolls of fog {unknown}
 t - a scroll of random uselessness {unknown}
 z - a scroll of fear {unknown}
Potions
 f - a potion of agility {unknown}
 g - 3 potions of heal wounds {unknown}
 i - a potion of magic {unknown}
 n - a potion of haste {unknown}
 o - 2 potions of mutation {unknown}
 p - a potion of lignification {unknown}
 u - 3 potions of curing
 x - a potion of might {unknown}
 C - a potion of flight {unknown}


   Skills:
 - Level 3.0 Fighting
 + Level 9.8 Short Blades
 - Level 6.0 Dodging
 - Level 10.4 Stealth
 - Level 4.0 Spellcasting
 - Level 7.0 Hexes
 - Level 2.1 Ice Magic
 - Level 2.0 Invocations


You had 10 spell levels left.
You knew the following spells:

 Your Spells              Type           Power        Failure   Level  Hunger
a - Corona                Hex            ####...      1%          1    N/A
b - Ensorcelled Hibernat  Hex/Ice        ###...       3%          2    N/A
c - Confuse               Hex            ####....     2%          3    N/A

Your spell library contained the following spells:

 Spells                   Type           Power        Failure   Level  Hunger
 Tukima's Dance           Hex            ####....     2%          3    N/A
 Dazzling Flash           Conj/Hex       ###...       11%         3    N/A

Dungeon Overview and Level Annotations

Branches:
Dungeon (8/15)             Temple (0/1) D:5
   Lair: D:8-11

Altars:
Dithmenos
Fedhas
Gozag
Okawaru
Wu Jian

Shops:
D:6 *

Annotations:
D:8 Harold


Innate Abilities, Weirdness & Mutations

You do not eat.
You do not regenerate when monsters are visible.
You are frail without blood (-20% HP).
You can heal yourself when you bite living creatures.
You are immune to poison.
You have razor-sharp teeth.
You have supernaturally acute eyesight. (SInv)
You can survive without breathing.


Message History

You hit the big kobold.
The big kobold is heavily wounded.
Harold hits you with a +0 long sword.
You hit the big kobold.
The big kobold looks as sick as possible!
The big kobold is heavily wounded.
The big kobold barely misses you.
You hit Harold.
Harold is poisoned.
Harold is lightly wounded.
Harold hits you with a +0 long sword.
* * * LOW HITPOINT WARNING * * *
You hit Harold but do no damage.
Harold looks as sick as possible!
Harold is lightly wounded.
You kill the big kobold!
Dithmenos accepts your kill.
A big kobold comes into view.
You barely miss Harold. Your bite misses Harold.
Harold is lightly wounded.
Harold hits you with a +0 long sword!
You die...

##### #....########
#....#......#
#######....#(.....#
<..........#......#
.....##....##'############
.....##....##.##@#.......#
...............#K@.......#
####+##........'K..#K....#
.....##........#...#.....#
...............#...#.....#
...............#...#.....######
...............#...#..........#
.....##.......##...+..........#
.....##.......##...#.....s....+


You could see Harold, a big kobold and 2 kobolds.

Vanquished Creatures
  Pikel (D:5)
  Grinder (D:3)
  A hippogriff (D:7)
  Sigmund (D:5)
  A wyvern (D:8)
  Menkaure (D:4)
  An orc warrior (D:6)
  An ice beast (D:7)
  A slave (D:5)
  A necrophage (D:5)
  A phantom (D:7)
  5 ogres
  Blork the orc (D:5)
  2 big kobolds
  4 bullfrogs
  2 scorpions
  3 killer bees (D:8)
  A howler monkey (D:5)
  A crimson imp (D:7)
  A bullfrog zombie (D:6)
  3 centaur zombies
  5 hounds
  2 orc priests
  A bullfrog skeleton (D:6)
  3 worker ants
  An iguana (D:6)
  8 orc wizards
  2 hound skeletons (D:7)
  A howler monkey zombie (D:7)
  3 gnolls (D:7)
  6 adders
  2 shadow imps
  An adder skeleton (D:7)
  2 adder zombies
  A worm (D:3)
  3 dart slugs
  9 leopard geckos
  27 orcs
  9 bats
  5 giant cockroaches
  4 goblins (D:2)
  8 hobgoblins
  17 jackals
  A quokka (D:4)
  2 ball pythons
  2 frilled lizards (D:1)
  A jackal zombie (D:6)
  7 kobolds
  10 rats
177 creatures vanquished.

Vanquished Creatures (others)
  2 slaves (D:5)
  A shadow imp (D:5)
3 creatures vanquished.

Grand Total: 180 creatures vanquished

Notes
Turn   | Place    | Note
-------+----------+-------------------------------------------
     0 | D:1      | Glalom the Vampire Enchanter began the quest for the Orb.
     0 | D:1      | Reached XP level 1. HP: 13/13 MP: 3/3
   380 | D:1      | Reached XP level 2. HP: 19/19 MP: 5/5
   747 | D:1      | Learned a level 2 spell: Ensorcelled Hibernation
  1198 | D:2      | Reached skill level 5 in Stealth
  1222 | D:2      | Found a shadowy altar of Dithmenos.
  1344 | D:2      | Reached skill level 5 in Hexes
  1440 | D:2      | Reached XP level 3. HP: 24/24 MP: 6/6
  1445 | D:2      | Became a worshipper of Dithmenos the Shadowed
  1847 | D:3      | Noticed Grinder
  1912 | D:3      | Learned a level 3 spell: Confuse
  1948 | D:3      | Killed Grinder
  1948 | D:3      | Reached skill level 6 in Stealth
  1948 | D:3      | Reached XP level 4. HP: 18/30 MP: 4/7
  1948 | D:3      | Reached XP level 5. HP: 21/35 MP: 4/8
  2203 | D:3      | Found a blossoming altar of Fedhas.
  2240 | D:3      | Reached skill level 7 in Stealth
  2240 | D:3      | Reached XP level 6. HP: 41/41 MP: 9/9
  2456 | D:3      | Reached skill level 1 in Ice Magic
  2497 | D:3      | Reached * piety under Dithmenos
  3361 | D:4      | Found an iron altar of Okawaru.
  3868 | D:4      | Noticed Menkaure
  3871 | D:4      | Killed Menkaure
  3871 | D:4      | Reached XP level 7. HP: 37/37 MP: 10/10
  3939 | D:4      | Found an opulent altar of Gozag.
  4060 | D:4      | Reached skill level 1 in Fighting
  4060 | D:4      | Reached skill level 8 in Stealth
  4255 | D:5      | Entered Level 5 of the Dungeon
  4290 | D:5      | Noticed Pikel
  4310 | D:5      | Killed Pikel
  4310 | D:5      | Reached skill level 9 in Stealth
  4310 | D:5      | Reached XP level 8. HP: 46/46 MP: 3/11
  4433 | D:5      | Reached skill level 10 in Stealth
  4437 | D:5      | Noticed Blork the orc
  4451 | D:5      | Killed Blork the orc
  4556 | D:5      | Found a staircase to the Ecumenical Temple.
  4829 | D:6      | Reached skill level 5 in Short Blades
  4886 | D:6      | Reached ** piety under Dithmenos
  4943 | D:6      | You fall into a shaft and drop 1 floor!
  5285 | D:6      | Found an ornate altar of the Wu Jian Council.
  5396 | D:6      | Reached skill level 5 in Dodging
  5465 | D:6      | Found Inoca's Assorted Antiques.
  5473 | D:6      | Bought an embroidered cloak for 150 gold pieces
  6043 | D:5      | Reached XP level 9. HP: 50/50 MP: 10/15
  6067 | D:5      | Reached skill level 1 in Invocations
  6206 | D:5      | Noticed Sigmund
  6220 | D:5      | Killed Sigmund
  6629 | D:7      | Got a twisted leather armour
  6630 | D:7      | Identified the +0 leather armour of the Alphagorgon {*Drain
                  | rF- Dex+6 SInv} (You found it on level 7 of the Dungeon)
  7198 | D:7      | Reached *** piety under Dithmenos
  8033 | D:8      | Noticed Harold
  8049 | D:8      | Slain by Harold

Levels and vault maps discovered:
D:1:      minmay_arrival_four_loops, layout_basic
D:2:      layout_basic, lemuel_crystal_altar
D:3:      layout_basic, nicolae_overflow_hidden_temple, uniq_grinder
D:4:      layout_gridville, kennysheep_mini, grunt_gozag_breadcrumbs,
          first_ration, uniq_menkaure
D:5:      layout_basic, minmay_temple_entry_arrows, kennysheep_small_square,
          uniq_pikel, uniq_blork_the_orc, uniq_sigmund
D:6:      layout_gridville, nicolae_overflow_crystal_walls, serial_shops,
          shop_fountains
D:7:      minmay_razor_zed, layout_basic
D:8:      layout_gridville, serial_shops, shop_fountains, uniq_harold

Skill      XL: |  1  2  3  4  5  6  7  8  9 |
---------------+----------------------------+-----
Stealth        | 5 6 7 9 10 | 10.4
Short Blades   | 2 3 4 6 9 |  9.8
Hexes          | 5 6 7 |  7.0
Ice Magic      | 2 |  2.1
Fighting       | 3 |  3.0
Dodging        | 4 5 6 |  6.0
Spellcasting   | 4 |  4.0
Invocations    | 2 |  2.0

Action                   |  1- 3 |  4- 6 |  7- 9 || total
-------------------------+-------+-------+-------++-------
Melee: Dagger            |   146 |   144 |   413 ||   703
       Bite              |     9 |     9 |    26 ||    44
       Unarmed           |       |       |     1 ||     1
 Cast: Confuse           |     1 |     1 |    12 ||    14
       Ensorcelled Hiber |       |     5 |    53 ||    58
 Abil: Exsanguinate      |       |     1 |       ||     1
       End Transformatio |       |       |     2 ||     2
       Bat Form          |       |       |     2 ||     2
Evoke: Wand              |       |       |     1 ||     1
  Use: Scroll            |       |       |     6 ||     6
       Potion            |       |       |     1 ||     1
 Stab: Sleeping          |     6 |    17 |    49 ||    72
       Confused          |     2 |       |     4 ||     6
       Distracted        |       |       |     1 ||     1
Armor: Robe              |    51 |    27 |    46 ||   124
Dodge: Dodged            |   101 |    91 |   335 ||   527

Table legend:
 A = Non-vault XP
 B = Vault XP
 C = Vault XP percentage of total XP
 D = Non-vault monster count
 E = Vault monster count
 F = Vault count percentage of total count
                 A         B        C        D         E       F
            +---------+---------+-------+---------+---------+-------
      Total |    3127 |    2017 |  39.2 |     160 |      16 |   9.1
            +---------+---------+-------+---------+---------+-------
        D:1 |      20 |       0 |   0.0 |      13 |       0 |   0.0
        D:2 |      32 |       0 |   0.0 |      18 |       0 |   0.0
        D:3 |     125 |     258 |  67.4 |      27 |       1 |   3.6
        D:4 |     202 |     165 |  45.0 |      16 |       1 |   5.9
        D:5 |     599 |     873 |  59.3 |      27 |       3 |  10.0
        D:6 |     963 |       0 |   0.0 |      29 |       0 |   0.0
        D:7 |     521 |     721 |  58.1 |      17 |      11 |  39.3
        D:8 |     665 |       0 |   0.0 |      13 |       0 |   0.0
            +---------+---------+-------+---------+---------+-------
